 Dungeon Crawl Stone Soup version 0.22.1-1-ga44c0e5 (webtiles) character file.

4764 Folque the Geomancer (level 10, -1/81 HPs)
             Began as a Yellow Draconian Earth Elementalist on Oct 19, 2018.
             Was a Priest of Sif Muna.
             Slain by a slime creature (18 damage)
             ... on level 9 of the Dungeon.
             The game lasted 00:34:51 (10070 turns).

Folque the Geomancer (DrEE)                        Turns: 10070, Time: 00:34:52

Health: -1/81      AC: 15    Str: 10    XL:     10   Next: 23%
Magic:  1/20       EV: 13    Int: 19    God:    Sif Muna [***...]
Gold:   355        SH:  0    Dex: 12    Spells: 8/23 levels left

rFire    . . .     SeeInvis .   r - +1 hand axe (protect)
rCold    . . .     Gourm    .   (no shield)
rNeg     . . .     Faith    .   (armour unavailable)
rPois    .         Spirit   .   (helmet restricted)
rElec    .         Reflect  .   (no cloak)
rCorr    +         Harm     .   d - +0 pair of gloves (curse)
MR       .....                  (no boots)
Stlth    ++........             (no amulet)
HPRegen  0.23/turn              t - ring of wizardry (curse)
MPRegen  0.17/turn              (no ring)

@: protection aura, divine energy
A: spit acid, acid resistance, unfitting armour, cold-blooded, AC +7
a: Breathe Acid, Stop Divine Energy, Channel Magic, Renounce Religion


You were on level 9 of the Dungeon.
You worshipped Sif Muna.
Sif Muna was most pleased with you.
You were hungry.

You visited 2 branches of the dungeon, and saw 10 of its levels.

You collected 391 gold pieces.
You spent 36 gold pieces at shops.

Inventory:

Hand Weapons
 h - a +0 dagger
 r - a +1 hand axe of protection (weapon)
Missiles
 a - 14 tomahawks
 b - 221 stones (quivered)
 l - 38 poisoned needles
 v - 2 throwing nets
Armour
 d - a cursed +0 pair of gloves (worn)
Jewellery
 t - a cursed ring of wizardry (left hand)
 y - an uncursed ring of see invisible {unknown}
Wands
 k - a wand of polymorph (9)
Scrolls
 f - a scroll of remove curse
 g - 6 scrolls of magic mapping
 m - 2 scrolls of identify
 n - a scroll of blinking
 w - 4 scrolls of amnesia
 z - 2 scrolls of teleportation
Potions
 e - 5 potions of curing
 i - 2 potions of cancellation {unknown}
 j - a potion of heal wounds {unknown}
 o - 2 potions of haste {unknown}
 p - a potion of agility {unknown}
 q - 2 potions of mutation {unknown}
 s - a potion of flight {unknown}
 u - a potion of berserk rage {unknown}
 x - a potion of ambrosia {unknown}
 A - 2 potions of brilliance {unknown}
Comestibles
 c - 7 rations


   Skills:
 - Level 5.1 Fighting
 - Level 4.0 Dodging
 - Level 1.7 Stealth
 - Level 7.0 Spellcasting
 - Level 3.0 Conjurations
 - Level 5.0 Transmutations
 + Level 10.0 Earth Magic
 * Level 2.2 Invocations


You had 8 spell levels left.
You knew the following spells:

 Your Spells              Type           Power        Failure   Level  Hunger
a - Sandblast             Erth           #####.       1%          1    None
b - Passwall              Tmut/Erth      #####...     1%          2    None
c - Stone Arrow           Conj/Erth      ####..       1%          3    #......
d - Lee's Rapid Deconstr  Erth           #####.....   1%          5    #####..
e - Petrify               Tmut/Erth      #####...     1%          4    ###....

Your spell library contained the following spells:

 Spells                   Type           Power        Failure   Level  Hunger


Dungeon Overview and Level Annotations

Branches:
Dungeon (9/15)             Temple (1/1) D:7
   Lair: D:8-11         Orc: D:9-12

Altars:
Ashenzari
Cheibriados
Dithmenos
Elyvilon
Gozag
Hepliaklqana
Kikubaaqudgha
Makhleb
Nemelex Xobeh
Okawaru
Qazlal
Ru
Sif Muna
Trog
Uskayaw
Vehumet
Wu Jian
Xom
Yredelemnul
The Shining One

Shops:
D:8 ?

Annotations:
D:2 Terence


Innate Abilities, Weirdness & Mutations

You can spit globs of acid.
You are resistant to acid.
Your golden yellow scales are hard. (AC +7)
You cannot fit into any form of body armour.
You are cold-blooded and may be slowed by cold attacks.


Message History

As you read the scroll of identify, it crumbles to dust.
e - 8 potions of curing The slime creature hits you but does no damage. x2
You feel better. The slime creature closely misses you.
The slime creature misses you.
You completely miss the slime creature.
The slime creature is moderately wounded.
You hit the slime creature. The slime creature misses you.
The slime creature hits you!!
* * * LOW HITPOINT WARNING * * *
The slime creature hits you.
* * * LOW HITPOINT WARNING * * *
The slime creature hits you.
* * * LOW HITPOINT WARNING * * *
You feel better. The slime creature hits you.
* * * LOW HITPOINT WARNING * * *
The slime creature hits you.
* * * LOW HITPOINT WARNING * * *
You feel better. The slime creature hits you!!
You die...

####.## ...#
#.....###.#.#
#........$...
#$...........
###†..!......
#)÷....##
#......#
#[J....#
#@.....#
#J.....#
#......#
########


You could see 2 slime creatures.

Vanquished Creatures
  Joseph (D:7)
  A troll (D:8)
  Prince Ribbit (D:6)
  A slime creature (D:8)
  2 hippogriffs
  A hungry ghost (D:9)
  2 sky beasts
  3 orc warriors
  4 ogres
  2 phantoms
  2 ice beasts
  2 centaurs (D:6)
  3 bullfrogs
  A water moccasin skeleton (D:7)
  3 scorpions
  2 wights (D:9)
  4 howler monkeys
  4 crimson imps
  2 bullfrog zombies
  9 hounds
  10 orc wizards
  A centaur skeleton (D:5)
  7 orc priests
  Jessica (D:2)
  An iguana (D:5)
  8 worker ants
  3 gnolls (D:4)
  7 adders
  5 shadow imps
  2 adder skeletons
  An adder zombie (D:7)
  5 worms
  A dart slug (D:1)
  6 leopard geckos
  23 orcs
  2 bat zombies (D:5)
  5 giant cockroaches
  5 goblins
  6 hobgoblins
  A ball python (D:1)
  9 bats
  8 frilled lizards
  7 kobolds
  A quokka skeleton (D:5)
  6 rats
  3 rat zombies (D:5)
184 creatures vanquished.

Notes
Turn   | Place    | Note
-------+----------+-------------------------------------------
     0 | D:1      | Folque the Draconian Earth Elementalist began the quest for
                  | the Orb.
     0 | D:1      | Reached XP level 1. HP: 14/14 MP: 3/3
  1033 | D:1      | Reached skill level 1 in Fighting
  1095 | D:1      | Reached XP level 2. HP: 23/23 MP: 5/5
  1993 | D:2      | Reached XP level 3. HP: 24/29 MP: 3/6
  2218 | D:2      | Noticed Jessica
  2222 | D:2      | Killed Jessica
  2222 | D:2      | Reached XP level 4. HP: 37/37 MP: 4/7
  2230 | D:2      | Learned a level 2 spell: Passwall
  2234 | D:2      | Learned a level 3 spell: Stone Arrow
  2602 | D:2      | Reached skill level 4 in Earth Magic
  2686 | D:2      | Noticed Terence
  3247 | D:3      | Reached XP level 5. HP: 39/42 MP: 2/9
  3360 | D:3      | Learned a level 4 spell: Petrify
  3398 | D:3      | Reached skill level 1 in Conjurations
  3485 | D:3      | Found a faded altar of an unknown god.
  4053 | D:4      | Found a white marble altar of Elyvilon.
  4053 | D:4      | Found an opulent altar of Gozag.
  4074 | D:4      | Reached XP level 6. HP: 38/50 MP: 0/11
  4392 | D:4      | Reached skill level 5 in Earth Magic
  4877 | D:4      | Your scales start taking on a golden yellow colour.
  4877 | D:4      | Reached XP level 7. HP: 56/56 MP: 5/13
  4961 | D:4      | Found a deep blue altar of Sif Muna.
  4964 | D:4      | Became a worshipper of Sif Muna the Loreminder
  5000 | D:5      | Entered Level 5 of the Dungeon
  5359 | D:5      | Learned a level 5 spell: Lee's Rapid Deconstruction
  5364 | D:5      | Learned a level 4 spell: Petrify
  5623 | D:5      | Reached skill level 6 in Earth Magic
  5629 | D:5      | Found an ancient bone altar of Kikubaaqudgha.
  5916 | D:5      | Found a burning altar of Makhleb.
  6094 | D:6      | Reached skill level 5 in Spellcasting
  6095 | D:6      | Reached XP level 8. HP: 57/63 MP: 5/15
  6271 | D:6      | Reached skill level 7 in Earth Magic
  6378 | D:6      | Reached * piety under Sif Muna
  6450 | D:6      | Noticed Prince Ribbit
  6503 | D:6      | Killed Prince Ribbit
  6721 | D:6      | Reached skill level 8 in Earth Magic
  7220 | D:6      | Reached ** piety under Sif Muna
  7280 | D:7      | Reached XP level 9. HP: 62/69 MP: 3/18
  7549 | D:7      | Found a staircase to the Ecumenical Temple.
  7563 | Temple   | Entered the Ecumenical Temple
  8021 | D:7      | Found a radiant altar of Vehumet.
  8064 | D:7      | Reached skill level 9 in Earth Magic
  8514 | D:7      | Noticed Joseph
  8536 | D:7      | Killed Joseph
  8731 | D:8      | Found Wiuce's Magic Scroll Emporium.
  8740 | D:8      | Reached *** piety under Sif Muna
  8755 | D:8      | Bought a scroll of teleportation for 36 gold pieces
  9376 | D:8      | Reached XP level 10. HP: 79/80 MP: 7/20
  9729 | D:9      | Reached skill level 5 in Transmutations
  9743 | D:8      | Reached skill level 1 in Invocations
 10011 | D:9      | Reached skill level 5 in Fighting
 10016 | D:9      | Reached skill level 10 in Earth Magic
 10070 | D:9      | Slain by a slime creature

Skill      XL: |  1  2  3  4  5  6  7  8  9 10 |
---------------+-------------------------------+-----
Fighting       | 1 2 3 4 5 |  5.1
Earth Magic    | 4 5 6 8 9 10 | 10.0
Spellcasting   | 3 4 5 6 7 |  7.0
Conjurations   | 1 2 3 |  3.0
Dodging        | 2 4 |  4.0
Transmutations | 4 5 |  5.0
Invocations    | 2 |  2.2
Stealth        | |  1.7

Action                   |  1- 3 |  4- 6 |  7- 9 | 10-12 || total
-------------------------+-------+-------+-------+-------++-------
Melee: Unarmed           |    69 |       |       |       ||    69
       Dagger            |    60 |   157 |       |       ||   217
       Tailslap          |     9 |    27 |    25 |     4 ||    65
       Hand axe          |       |    11 |   212 |    20 ||   243
Throw: Stone             |       |       |     1 |       ||     1
 Cast: Sandblast         |    12 |    24 |    45 |     9 ||    90
       Stone Arrow       |       |    20 |    42 |     5 ||    67
       Lee's Rapid Decon |       |       |    26 |     8 ||    34
       Petrify           |       |       |    14 |     2 ||    16
Invok: Divine Energy     |       |       |     3 |       ||     3
       Stop Divine Energ |       |       |     2 |       ||     2
 Abil: Breathe Acid      |       |       |     6 |     2 ||     8
  Use: Scroll            |       |     5 |     6 |     1 ||    12
       Potion            |       |     1 |       |     3 ||     4
 Stab: Sleeping          |     4 |     7 |       |       ||    11
       Petrified         |       |       |    14 |       ||    14
  Eat: Chunk             |     4 |    11 |    20 |     5 ||    40
       Ration            |       |       |     2 |     1 ||     3
Armor: Skin              |    36 |    44 |    87 |    17 ||   184
Dodge: Dodged            |    95 |   101 |   182 |    36 ||   414
